 Dungeon Crawl Stone Soup version 0.18.1-50-g88ac8fd (webtiles) character file.

94 Chiseanne the Gusty (level 4, -1/36 HPs)
             Began as a Centaur Air Elementalist on Oct 3, 2016.
             Killed by nerve-wracking pain
             ... invoked by a shadow imp
             ... summoned by Natasha
              (8 damage)
             ... on level 2 of the Dungeon.
             The game lasted 00:06:12 (2957 turns).

Chiseanne the Gusty (Centaur Air Elementalist)      Turns: 2957, Time: 00:06:13

Health: -1/36      AC:  8    Str: 10    XL:     4   Next: 38%
Magic:  1/6        EV: 10    Int: 15    God:
Gold:   75         SH:  0    Dex: 12    Spells: 2 memorised, 4 levels left

rFire  . . .     SeeInvis .     e - -1 dagger (curse)
rCold  . . .     Gourm    .     a - +0 robe
rNeg   . . .     Faith    .     (no shield)
rPois  .         Spirit   .     l - +2 hat
rElec  .         Dismiss  .     (no cloak)
rCorr  .         Reflect  .     (no gloves)
SustAt .         Harm     .     (no barding)
MR     .....                    (no amulet)
Stlth  ++........               (no ring)
                                (no ring)

@: very slightly contaminated, slowed, not resistant to hostile enchantments,
unstealthy
A: hooves 3, thin metallic scales 1, thin skeletal structure 1, deformed body,
speed 2, low mp 1, tough skin 3
a: no special abilities


You were on level 2 of the Dungeon.
You were not hungry.

You visited 1 branch of the dungeon, and saw 2 of its levels.

You collected 75 gold pieces.

Inventory:

Hand Weapons
 e - a cursed -1 dagger (weapon)
 f - a cursed -3 spear
 k - a +0 mace
Missiles
 g - 51 arrows
 h - 82 stones (quivered)
 i - 8 needles of confusion
Armour
 a - a +0 robe (worn)
 l - a +2 hat (worn)
Potions
 d - 2 potions of curing
 q - a potion of brilliance
Books
 b - a book of Air

   Spells                             Type                      Level
   a - Shock                          Conjuration/Air              1
   b - Swiftness                      Charms/Air                   2
   c - Repel Missiles                 Charms/Air                   2
   d - Static Discharge               Conjuration/Air              3
   e - Lightning Bolt                 Conjuration/Air              5
Comestibles
 c - 2 bread rations
 j - a beef jerky
 m - a royal jelly
 o - 2 chunks of flesh
 p - a meat ration


   Skills:
 * Level 1.9 Fighting
 * Level 2.3 Dodging
 - Level 1.2 Stealth
 * Level 2.4 Spellcasting
 - Level 0.8 Conjurations
 - Level 2.6 Air Magic


You had 4 spell levels left.
You knew the following spells:

 Your Spells              Type           Power        Failure   Level  Hunger
a - Shock                 Conj/Air       #...         12%         1    #......
b - Repel Missiles        Chrm/Air       #.....       21%         2    ###....


Dungeon Overview and Level Annotations

Branches:
Dungeon (2/15)

Altars:
Cheibriados

Annotations:
D:2 Natasha


Innate Abilities, Weirdness & Mutations

You have hooves in place of feet.
Armour fits poorly on your strangely shaped body.
You cover ground very quickly.
You have extremely tough skin (AC +3).
You are partially covered in thin metallic scales (AC +2).
You have a somewhat thin skeletal structure (Dex +2, Stealth).
Your magical capacity is low (-10% MP).


Message History

Natasha casts a spell.
The shadow imp barely misses you. Natasha claws you!
You barely miss Natasha.
Natasha is heavily wounded.
The shadow imp hits you but does no damage.
Natasha closely misses you.
The shadow imp hits you but does no damage.
You closely miss Natasha.
Natasha is heavily wounded.
Natasha claws you. The shadow imp barely misses you. Natasha claws you.
The shadow imp gestures at you. Pain shoots through your body!
* * * LOW HITPOINT WARNING * * *
You hit Natasha but do no damage.
Natasha is heavily wounded.
The shadow imp hits you but does no damage.
Natasha claws you but does no damage. The shadow imp gestures at you.
Pain shoots through your body!
You die...

# .## ####... .......
....... .. ######
....... ..
#....##5...... .##
#....$@h5.....
..#.#..#...5......
###.#.#..####.......
...........'.......
#######.####.####.......
........................
.####...###.######'#####
........# #.# ..
...###..# #.#


You could see Natasha, a crimson imp and 2 shadow imps.

Vanquished Creatures
  Natasha (D:2)
  2 adders (D:2)
  2 dart slugs
  2 giant geckos
  6 giant cockroaches
  6 goblins
  7 hobgoblins (D:1)
  5 jackals (D:2)
  3 bats
  A giant newt (D:1)
  2 kobolds (D:1)
  5 rats
42 creatures vanquished.

Notes
Turn   | Place    | Note
--------------------------------------------------------------
     0 | D:1      | Chiseanne the Centaur Air Elementalist began the quest for the Orb.
     0 | D:1      | Reached XP level 1. HP: 14/14 MP: 3/3
   460 | D:1      | Reached XP level 2. HP: 16/22 MP: 0/4
   546 | D:1      | Learned a level 2 spell: Repel Missiles
   580 | D:1      | Found a snail-covered altar of Cheibriados.
  1031 | D:1      | Reached skill level 1 in Fighting
  1673 | D:1      | Reached XP level 3. HP: 28/28 MP: 0/6
  2372 | D:2      | Noticed Natasha
  2380 | D:2      | Gained mutation: Your magical capacity is low (-10% MP). [potion of mutation]
  2380 | D:2      | Gained mutation: You are partially covered in thin metallic scales (AC +2). [potion of mutation]
  2380 | D:2      | Gained mutation: You have a somewhat thin skeletal structure (Dex +2, Stealth). [potion of mutation]
  2395 | D:2      | Killed Natasha
  2395 | D:2      | Reached XP level 4. HP: 14/36 MP: 0/6
  2494 | D:2      | Noticed Natasha
  2957 | D:2      | Killed from afar by a shadow imp

Skill      XL: |  1  2  3 |
---------------+----------+-----
Fighting       | 1 |  1.9
Spellcasting   | 2 |  2.4
Dodging        | 2 |  2.3
Stealth        | |  1.2
Conjurations   | |  0.8
Air Magic      | |  2.6

Action                   |  1- 3 |  4- 6 || total
-------------------------+-------+-------++-------
Melee: Dagger            |    75 |    39 ||   114
       Unarmed           |     9 |       ||     9
       Kick              |    15 |     5 ||    20
 Cast: Shock             |    82 |    25 ||   107
  Use: Scroll            |     5 |       ||     5
       Potion            |     3 |       ||     3
  Eat: Chunk             |     6 |     2 ||     8
Armor: Robe              |    33 |    35 ||    68
Dodge: Dodged            |    59 |    36 ||    95
